 Dungeon Crawl Stone Soup version 0.18-a0-1577-gf591c28 (webtiles) character file.

111 Ijustatesigmund the Insei (level 4, 0/30 HPs)
             Began as an Octopode Transmuter on Mar 20, 2016.
             Slain by an orc
             ... wielding a +0 flail
              (8 damage)
             ... on level 4 of the Dungeon.
             The game lasted 00:04:32 (3194 turns).

Ijustatesigmund the Insei (Octopode Transmuter)     Turns: 3194, Time: 00:04:32

Health: 0/30       AC:  2    Str: 10    XL:     4   Next: 92%
Magic:  1/7        EV: 19    Int: 15    God:
Gold:   83         SH:  0    Dex: 17    Spells: 3 memorised, 1 level left

rFire  . . .     SeeInvis .       - Unarmed
rCold  . . .     Gourm    .     (shield currently unavailable)
rNeg   . . .     Faith    .     (helmet currently unavailable)
rPois  x         Spirit   .     (no amulet)
rElec  .         Dismiss  .     (no ring)
rCorr  .         Reflect  .     (no ring)
SustAt .         Harm     .     (no ring)
MR     .....                    (no ring)
Stlth  ++........               (no ring)
                                (no ring)
                                (no ring)
                                (no ring)

@: spider-form, very slightly contaminated, not resistant to hostile
enchantments, unstealthy
A: almost no armour, (amphibious), 8 rings, (constrict 8), (camouflage 0),
(gelatinous body 0)
a: End Transformation


You were on level 4 of the Dungeon.
You were very hungry.
You were a venomous arachnid creature.
You visited 1 branch of the dungeon, and saw 4 of its levels.

You collected 83 gold pieces.

Inventory:

Missiles
 a - 58 arrows
Potions
 e - a potion of heal wounds
 g - 2 potions of flight {unknown}
 h - a potion of berserk rage {unknown}
 i - a potion of mutation {unknown}
 j - 2 potions of ambrosia {unknown}
Books
 b - a book of Changes

   Spells                             Type                      Level
   a - Beastly Appendage              Transmutation                1
   b - Sticks to Snakes               Transmutation                2
   c - Spider Form                    Transmutation/Poison         3
   d - Ice Form                       Ice/Transmutation            4
   e - Blade Hands                    Transmutation                5
Comestibles
 c - 2 bread rations
 d - 4 fruits
 f - 2 meat rations


   Skills:
 + Level 2.9 Fighting
 - Level 2.0 Dodging
 + Level 4.1 Unarmed Combat
 - Level 2.0 Spellcasting
 - Level 2.0 Transmutations
 - Level 2.0 Poison Magic


You had one spell level left.
You knew the following spells:

 Your Spells              Type           Power        Failure   Level  Hunger
a - Beastly Appendage     Trmt           #.....       28%         1    #......
b - Sticks to Snakes      Trmt           #.......     32%         2    ###....
c - Spider Form           Trmt/Pois      #.........   52%         3    ###....


Dungeon Overview and Level Annotations

Branches:
Dungeon (4/15)
 Temple: D:4-7

Altars:
Elyvilon
Nemelex Xobeh
Sif Muna


Innate Abilities, Weirdness & Mutations

You cannot wear most types of armour.
((You are amphibious.))
You can wear up to eight rings at the same time.
((You can use your tentacles to constrict eight enemies at once.))
((Your skin changes colour to match your surroundings (Stealth).))
((Your rubbery body absorbs attacks (AC +1).))


Message History

The orc wizard is poisoned.
The orc wizard is heavily wounded.
The orc wizard barely misses you.
The orc priest calls upon Beogh to heal the orc wizard.
The orc wizard is healed somewhat.
You hit the orc wizard but do no damage.
The orc wizard looks even sicker.
The orc wizard is lightly wounded.
The orc closely misses you.
The orc wizard hits you but does no damage.
An ooze comes into view.
You hit the orc wizard.
The orc wizard is heavily wounded.
The orc hits you with a flail!
* * * LOW HITPOINT WARNING * * *
The orc wizard barely misses you.
You hit the orc wizard but do no damage.
The orc wizard is severely wounded.
The orc wizard barely misses you. The orc hits you with a flail!
You die...

#.# #.# #.####
#########....#
#.........<#
#.########.# #.#
#.#
######.########.#
#......osoo.......
#.#####.##J.####.#
#.# .# #.# #.# #
#.# ... .#. #. .
#.


You could see an orc priest, an orc wizard, an ooze and an orc.

Vanquished Creatures
  3 adders
  2 oozes (D:3)
  3 worms (D:3)
  2 dart slugs (D:1)
  5 orcs
  A ball python (D:3)
  7 bats
  3 giant cockroaches
  10 goblins
  5 hobgoblins
  2 giant newts
  6 kobolds
  10 rats
59 creatures vanquished.

Vanquished Creatures (others)
  A quokka (D:3)
1 creature vanquished.

Grand Total: 60 creatures vanquished

Notes
Turn   | Place    | Note
--------------------------------------------------------------
     0 | D:1      | Ijustatesigmund the Octopode Transmuter began the quest for the Orb.
     0 | D:1      | Reached XP level 1. HP: 13/13 MP: 3/3
   306 | D:1      | Reached XP level 2. HP: 2/18 MP: 5/5
   310 | D:1      | Learned a level 2 spell: Sticks to Snakes
   928 | D:1      | Reached XP level 3. HP: 10/24 MP: 4/6
  1436 | D:2      | Learned a level 3 spell: Spider Form
  1946 | D:2      | Found a deep blue altar of Sif Muna.
  1946 | D:2      | Found a sparkling altar of Nemelex Xobeh.
  2062 | D:3      | Found a faded altar to an unknown god.
  2065 | D:3      | Reached skill level 1 in Poison Magic
  2250 | D:3      | Reached XP level 4. HP: 30/30 MP: 3/7
  2373 | D:3      | Found a white marble altar of Elyvilon.
  2460 | D:3      | Reached skill level 4 in Unarmed Combat
  3194 | D:4      | Slain by an orc

Vault maps used:
D:1:      lightli_molten_gateway, minmay_surrounded
D:2:      amethyst_overflow_temple_binary
D:3:      ecumenical_altar_2, first_bread, elyvilon_altar_4

Skill      XL: |  1  2  3  4 |
---------------+-------------+-----
Fighting       | 2 |  2.9
Poison Magic   | 1 2 |  2.0
Unarmed Combat | 4 |  4.1
Dodging        | |  2.0
Spellcasting   | |  2.0
Transmutations | |  2.0

Action                   |  1- 3 |  4- 6 || total
-------------------------+-------+-------++-------
Melee: Unarmed           |    80 |    55 ||   135
 Cast: Beastly Appendage |     1 |       ||     1
       Spider Form       |     3 |     2 ||     5
       Sticks to Snakes  |       |     1 ||     1
  Use: Scroll            |     3 |     2 ||     5
       Potion            |     1 |       ||     1
 Stab: Sleeping          |     8 |     6 ||    14
       Distracted        |       |     1 ||     1
  Eat: Chunk             |     5 |     2 ||     7
